 Dungeon Crawl Stone Soup version 0.27-a0-333-gfa571bf19a (webtiles) character file.

Game seed: 14264602355222088143

72 Nattfarinn the Sneak (level 4, -4/36 HPs)
             Began as a Kobold Enchanter on Feb 12, 2021.
             Killed from afar by an orc wizard (5 damage)
             ... with a magic dart
             ... on level 3 of the Dungeon.
             The game lasted 00:06:45 (1909 turns).

Nattfarinn the Sneak (Kobold Enchanter)             Turns: 1909, Time: 00:06:45

Health: -4/36      AC: 22    Str:  5    XL:     4   Next: 50%
Magic:  2/7        EV:  3    Int: 16    God:
Gold:   59         SH:  0    Dex: 16    Spells: 4/7 levels left

rFire    + . .     SeeInvis +   a - +1 dagger
rCold    + . .     Faith    .   (shield restricted)
rNeg     + + +     Spirit   .   (armour currently unavailable)
rPois    +         Reflect  .   (helmet currently unavailable)
rElec    +         Harm     .   (cloak currently unavailable)
rCorr    +         Rampage  .   (gloves currently unavailable)
Will     .....     NoTele   +   (boots currently unavailable)
Stlth    ++........             (no amulet)
HPRegen  0.12/turn              (no ring)
MPRegen  0.10/turn              (no ring)

@: confused, brilliant, tree-form, resistant, very slightly contaminated
A: small, see invisible, nightstalker 3
a: no special abilities


You were on level 3 of the Dungeon.
You were a tree.
You visited 1 branch of the dungeon, and saw 3 of its levels.

You collected 59 gold pieces.

Inventory:

Hand Weapons
 a - a +1 dagger (weapon)
Armour
 b - a +0 robe (melded)
 e - a +2 pair of gloves (melded)
Scrolls
 c - 2 scrolls of identify {unknown}
Potions
 h - 2 potions of lignification


   Skills:
 - Level 1.3 Short Blades
 - Level 2.4 Dodging
 * Level 7.0 Stealth
 - Level 2.1 Spellcasting
 - Level 3.0 Hexes


You had 4 spell levels left.
You knew the following spells:

 Your Spells              Type           Power        Failure   Level
a - Corona                Hex            18%          6%          1
b - Ensorcelled Hibernat  Hex/Ice        18%          17%         2

Your spell library contained the following spells:

 Spells                   Type           Power        Failure   Level
 Confusing Touch          Hex            17%          19%         3
 Tukima's Dance           Hex            17%          19%         3
 Dazzling Flash           Conj/Hex       18%          32%         3


Dungeon Overview and Level Annotations

Branches:
Dungeon (3/15)

Altars:

Annotations:
D:2 Terence


Innate Abilities, Weirdness & Mutations

You are small and have problems with some larger weapons.
You are completely attuned to the shadows.
((You are partially covered in icy blue scales. (AC +2)))
((You are partially covered in iridescent scales. (AC +2)))
You have supernaturally acute eyesight. (SInv)


Message History

You cannot move. (Use ctrl+direction or * direction to attack without moving.) Unknown command.
You cannot move. (Use ctrl+direction or * direction to attack without moving.) Unknown command.
You hit the orc priest but do no damage.
You feel less confused. The orc hits you but does no damage.
The orc wizard hits you but does no damage.
The orc hits you but does no damage. The orc barely misses you.
Unknown command.
You hit the orc wizard.
The orc wizard is lightly wounded.
The orc hits you but does no damage.
The orc wizard points at you and mumbles some strange words.
You are confused.
The orc priest hits you but does no damage.
The orc hits you but does no damage.
You cannot move. (Use ctrl+direction or * direction to attack without moving.) Unknown command.
You cannot move. (Use ctrl+direction or * direction to attack without moving.)
You cannot move. (Use ctrl+direction or * direction to attack without moving.)
You cannot move. (Use ctrl+direction or * direction to attack without moving.)
You cannot move. (Use ctrl+direction or * direction to attack without moving.)
You cannot move. (Use ctrl+direction or * direction to attack without moving.) Unknown command.
You hit the orc priest but do no damage.
The orc hits you but does no damage. x2; The orc wizard barely misses you.
The orc priest hits you but does no damage.
The orc hits you but does no damage.
You swing at nothing.
The orc hits you but does no damage.
The orc wizard hits you but does no damage.
The orc barely misses you.
The orc priest mumbles some strange prayers to Beogh against you.
Beogh smites you!
* * * LOW HITPOINT WARNING * * *
You feel clever all of a sudden. The orc hits you but does no damage. x2
The orc wizard points at you and mumbles some strange words.
The magic dart hits you.
You die...

## #.#### ....<# .
.....##.
##...#.####
#..#.oo....
#....o♣.# .#
##....oo!# #.#
#........... #.#
#........###
####.#####........#
......##.........<.
####..##.#.#...###
#..)..........#
##.......###.[##


You could see an orc priest, an orc wizard (invisible) and 3 orcs.

Vanquished Creatures
  A gnoll (D:1)
  2 adders (D:3)
  A worm (D:3)
  A leopard gecko (D:1)
  3 bats
  2 giant cockroaches
  6 goblins
  5 hobgoblins
  4 kobolds
  A quokka (D:3)
  3 ball pythons
  5 frilled lizards
  4 rats (D:1)
38 creatures vanquished.

Notes
Turn   | Place    | Note
-------+----------+-------------------------------------------
     0 | D:1      | Nattfarinn the Kobold Enchanter began the quest for the
                  | Orb.
     0 | D:1      | Reached XP level 1. HP: 10/10 MP: 3/3
   470 | D:1      | Reached XP level 2. HP: 13/15 MP: 3/5
   477 | D:1      | Reached skill level 5 in Stealth
   960 | D:1      | Reached XP level 3. HP: 19/19 MP: 6/6
  1101 | D:1      | Reached skill level 6 in Stealth
  1370 | D:2      | Noticed Terence
  1500 | D:3      | Reached XP level 4. HP: 24/24 MP: 7/7
  1826 | D:3      | Learned a level 2 spell: Ensorcelled Hibernation
  1846 | D:3      | Reached skill level 7 in Stealth
  1902 | D:3      | Gained mutation: You are occasionally teleported next to
                  | monsters. [potion of mutation]
  1902 | D:3      | Gained mutation: You are clumsy. (Dex -2) [potion of
                  | mutation]
  1902 | D:3      | Gained mutation: You are partially covered in icy blue
                  | scales. (AC +2) [potion of mutation]
  1902 | D:3      | Gained mutation: Your mind is acute. (Int +2) [potion of
                  | mutation]
  1903 | D:3      | Lost mutation: You are clumsy. (Dex -2) [potion of
                  | mutation]
  1903 | D:3      | Lost mutation: Your mind is acute. (Int +2) [potion of
                  | mutation]
  1903 | D:3      | Lost mutation: You are occasionally teleported next to
                  | monsters. [potion of mutation]
  1903 | D:3      | Gained mutation: You are partially covered in iridescent
                  | scales. (AC +2) [potion of mutation]
  1903 | D:3      | Gained mutation: You have supernaturally acute eyesight.
                  | (SInv) [potion of mutation]
  1908 | D:3      | HP: 1/36 [orc priest/divine providence (12)]
  1909 | D:3      | Killed from afar by an orc wizard

Illustrated notes

Levels and vault maps discovered:
D:1:      lemuel_arrival_tunnels, layout_basic, minmay_pentomino_r4
D:2:      layout_rooms, minitemple, serial_park_tiny_1, uniq_terence
D:3:      layout_loops_ring, uniq_ijyb

Skill      XL: |  1  2  3  4 |
---------------+-------------+-----
Stealth        | 5 6 7 |  7.0
Short Blades   | |  1.3
Dodging        | |  2.4
Spellcasting   | |  2.1
Hexes          | |  3.0

Action                   |  1- 3 |  4- 6 || total
-------------------------+-------+-------++-------
Melee: Dagger            |    71 |    57 ||   128
 Cast: Corona            |     6 |     4 ||    10
       Ensorcelled Hiber |       |     1 ||     1
  Use: Potion            |     1 |     5 ||     6
       Scroll            |     1 |       ||     1
 Stab: Sleeping          |    17 |     5 ||    22
Armor: Robe              |     8 |    11 ||    19
       Skin              |       |    39 ||    39
Dodge: Dodged            |    51 |    45 ||    96

Table legend: (Time is in decaauts)
 A = Elapsed time spent in this place.
 B = Non-inter-level travel time spent in this place.
 C = Inter-level travel time spent in this place.
 D = Time resting spent in this place.
 E = Time spent auto-exploring this place.
 F = Levels seen in this place.
 G = Mean time per level.
                   A        B        C        D        E       F      G
               +--------+--------+--------+--------+--------+-----+--------+
         Total |   1899 |   1877 |     22 |    622 |    925 |   3 |  633.0 |
       Dungeon |   1899 |   1877 |     22 |    622 |    925 |   3 |  633.0 |
               +--------+--------+--------+--------+--------+-----+--------+

Top non-repeatable levels by time:
     D:1: 1206 daAuts
     D:3: 518 daAuts
     D:2: 174 daAuts
